AoeStats
← 荷蘭牛

Arabia

503539904Analyzed
1v1 RM · 1mo ago on Sep 1, 2026· 38m 44s· 2 players
Game mode
Random Map
Map size
Tiny (2 player)
Population
200
Speed
Normal
Resources
Standard
Victory
Conquest
Starting age
Dark Age
Ending age
Imperial Age
RankedLock teamsTeams togetherTeam positionsShared explorationLock speedFull tech treeHidden civsTurbo modeCheats
Victory
Defeat
🇹🇼 Goths · Taiwan
1339
+17
🇵🇪 Saracens · Peru
1359
-17
荷蘭牛
9:16 Feudal Age
10:10 Double-Bit Axe
13:21 Loom
15:09 Fletching
18:24 Padded Archer Armor
24:00 Castle Age
21:28 Man-at-Arms
22:38 Scale Mail Armor
24:14 Long Swordsman
26:04 Bow Saw
26:48 Elite Skirmisher
28:12 Wheelbarrow
29:17 Chain Mail Armor
29:08 Town Watch
29:47 Gold Mining
31:27 Squires
33:44 Bodkin Arrow
34:52 Fervor
38:30 Imperial Age
37:27 Leather Archer Armor
37:23 Forging
38:55 Ballistics
Criko
6:06 Loom
9:08 Feudal Age
9:48 Double-Bit Axe
13:20 Fletching
17:08 Padded Archer Armor
23:26 Castle Age
24:15 Bodkin Arrow
23:48 Elite Skirmisher
25:32 Leather Archer Armor
25:26 Crossbowman
26:36 Bow Saw
27:03 Wheelbarrow
28:01 Thumb Ring
27:49 Gold Mining
31:44 Stone Mining
34:00 Horse Collar
34:51 Scale Barding Armor
35:08 Forging
36:35 Chain Barding Armor
41:09 Imperial Age
Connection lost

Rejoining the realm…

Still unreachable

The connection could not be restored.

Session expired

The server has moved on; the page needs a fresh start.